 Dungeon Crawl Stone Soup version 0.16-a0-2736-g1697cd3 (webtiles) character file.

44131 ketsa the Grappler (level 13, -4/124 (127) HPs)
             Began as a Troll Monk on Nov 26, 2014.
             Was the Champion of the Shining One.
             Slain by a seven-headed hydra (9 damage)
             ... on level 14 of the Dungeon.
             The game lasted 01:35:23 (22165 turns).

ketsa the Grappler (Troll Monk)                    Turns: 22165, Time: 01:35:24

HP:   -4/124 (127)  AC:  7    Str: 26    XL:     13   Next: 94%
MP:   22/22         EV: 17    Int:  6    God:    the Shining One [******]
Gold: 1869          SH:  0    Dex: 19    Spells: 0 memorised, 12 levels left

rFire  . . .     SeeInvis .       - Unarmed
rCold  . . .     Clarity  .     e - +2 robe of Least Resistance {rElec Str+1 Stlth++}
rNeg   + + +     SustAb   .     (shield restricted)
rPois  .         Gourm    +     (helmet restricted)
rElec  +         Spirit   .     (no cloak)
rCorr  .         Warding  .     (gloves unavailable)
rMut   .         Stasis   +     (boots unavailable)
MR     .....                    S - amulet of stasis
Stlth  ++........               p - +3 ring of dexterity
                                y - +3 ring of strength

@: glowing, not resistant to hostile enchantments, unstealthy
A: unfitting armour, claws 3, fast metabolism 3, gourmand, regeneration 2,
shaggy fur 1, tough skin 2
a: Divine Shield, Cleansing Flame, Summon Divine Warrior, Renounce Religion


You were on level 14 of the Dungeon.
You worshipped the Shining One.
The Shining One was exalted by your worship.
You were very full.

You visited 4 branches of the dungeon, and saw 22 of its levels.
You also visited: Ice Cave.

You collected 1983 gold pieces.
You spent 114 gold pieces at shops.

Inventory:

Hand weapons
 t - a +2 flail of holy wrath
 v - a +3 club
 N - a +2 quarterstaff of distortion
Missiles
 s - 14 steel sling bullets
Armour
 e - the +2 robe of Least Resistance (worn) {rElec Str+1 Stlth++}
   (You bought it in a shop on level 4 of the Dungeon)

   It affects your strength (+1).
   It insulates you from electricity.
   It makes you much more stealthy.
 i - a +0 shield of reflection
 Y - a +0 helmet
Magical staves
 A - an uncursed staff of energy
Jewellery
 g - an uncursed ring of flight
 j - an uncursed ring of magical power
 l - an uncursed ring of see invisible {unknown}
 p - a +3 ring of dexterity (right claw)
 w - an uncursed ring of teleportation
 y - a +3 ring of strength (left claw)
 H - an uncursed ring of sustain abilities
 J - an uncursed ring of stealth
 S - an amulet of stasis (around neck)
 T - an uncursed amulet of the gourmand
 W - an uncursed ring of fire
Magical devices
 r - a wand of frost (43)
 x - a wand of enslavement (8)
 G - a wand of magic darts (22)
 L - a wand of disintegration (10)
 Q - a wand of paralysis (7)
Scrolls
 c - 2 scrolls of amnesia
 n - 9 scrolls of identify
 z - 6 scrolls of remove curse
 F - a scroll of teleportation
 M - a scroll of enchant armour
 P - a scroll of magic mapping
 U - a scroll of torment {unknown}
Potions
 a - a potion of cancellation {unknown}
 d - 5 potions of haste
 k - 4 potions of flight
 m - a potion of invisibility {unknown}
 u - a potion of mutation {unknown}
 B - 2 potions of restore abilities {unknown}
 C - 2 potions of might {unknown}
 I - a potion of berserk rage {unknown}
 K - a potion of agility {unknown}
 R - a potion of resistance {unknown}
 V - a potion of brilliance
 X - a potion of magic {unknown}
Books
 D - a book of Ice

   Spells                             Type                      Level
   Ice Form                           Ice/Transmutation            4
   Metabolic Englaciation             Hexes/Ice                    5
   Ozocubu's Refrigeration            Ice                          6
   Bolt of Cold                       Conjuration/Ice              6
   Freezing Cloud                     Conjuration/Ice/Air          6
   Simulacrum                         Ice/Necromancy               6
Comestibles
 b - 10 meat rations
 f - 2 beef jerkies
 h - 32 fruits
 o - 3 slices of pizza
 q - 4 bread rations
 E - a royal jelly


   Skills:
 - Level 8.3 Fighting
 + Level 1.8(5.4) Maces & Flails
 - Level 7.4(7.5) Staves
 + Level 9.9 Dodging
 - Level 1.1 Stealth
 + Level 14.5 Unarmed Combat
 + Level 9.2 Invocations


You had 12 spell levels left.
You didn't know any spells.

Dungeon Overview and Level Annotations

Branches:
Dungeon (15/15) Temple (1/1) D:5 Lair (2/8) D:11 Orc (4/4) D:9 Elf (0/3) Orc:3 Vaults (0/5) D:12 D:13 Depths: D:15

Altars:
Ashenzari
Cheibriados
Dithmenos
Elyvilon
Fedhas
Gozag
Kikubaaqudgha
Makhleb
Nemelex Xobeh
Okawaru
Qazlal
Ru
Sif Muna
Trog
Vehumet
Xom
Yredelemnul
Zin
The Shining One
Beogh

Shops:
D:4 [==   D:5 [   D:12 (

Annotations:
D:5 exclusion: downstairs
D:6 exclusion: oklob plant
D:8 gabygaby's ghost, experienced HuIE
Lair:1 1 exclusion


Innate Abilities, Weirdness & Mutations

You are too large for most types of armour.
You have claws for hands.
Your metabolism is lightning-fast.
You like to eat raw meat.
You heal very quickly.
You are covered in fur (AC +1).
You have very tough skin (AC +2).


Message History

You see here an arrow.
The centaur warrior shoots an arrow.
The arrow hits you!
* * * LOW HITPOINT WARNING * * *
You see here an arrow.
The centaur warrior shoots an arrow.
The arrow hits you!
* * * LOW HITPOINT WARNING * * *
The centaur shoots an arrow.
The arrow hits you but does no damage.
You see here 2 arrows.
You tear one of the five-headed hydra's heads off!
The four-headed hydra grows two more!
You eviscerate the six-headed hydra!!!
The six-headed hydra begins to bleed from its wounds!
The six-headed hydra is heavily wounded.
You rip one of the six-headed hydra's heads off!
The five-headed hydra grows two more!
You claw the seven-headed hydra!
The seven-headed hydra is severely wounded.
The centaur shoots an arrow.
The arrow barely misses you. The seven-headed hydra misses you.
The seven-headed hydra barely misses you.
The seven-headed hydra bites you!
You die...

############ ########
#..........###.......
#........c...#.c.c.c.
#.......(..#(÷§c§§...
#(...(...>.###§§§§§cc
#.(.@D..c..# #§§§§§c.
#.(........# #§§§§§..
###(######## #.......
#...# ##'##### ###.#
#.# ##'##### #.#
#......# #.# #......#
#.# #......+


You could see a seven-headed hydra (bleeding), a centaur warrior and a centaur.

Vanquished Creatures
  Donald (D:13)
  2 centaur warriors (D:14)
  2 tengu warriors (D:13)
  An unseen horror (D:13)
  3 hill giants
  An orc sorcerer (Orc:3)
  2 black mambas
  4 cyclopes
  2 spiny frogs (Lair:1)
  3 centaur zombies
  2 gargoyles
  2 centaur skeletons
  2 kobold demonologists
  A komodo dragon (D:11)
  2 yaktaurs (D:15)
  A tengu conjurer (D:14)
  A freezing wraith (D:15)
  6 trolls
  4 two-headed ogres
  4 polar bears (IceCv)
  4 slime creatures
  6 ravens
  A trapdoor spider zombie (D:11)
  2 deep elf magi (D:12)
  A basilisk (Lair:2)
  28 yaks
  A hog (shapeshifter) (D:14)
  A vampire (D:14)
  2 hungry ghosts
  A shadow (D:12)
  Eustachio (D:4)
  3 hippogriffs
  2 steam dragons (D:7)
  2 wyverns (D:8)
  14 humans (D:12)
  Edmund (D:9)
  A soldier ant (D:3)
  20 wolves
  A porcupine (Lair:2)
  A water moccasin (Lair:2)
  12 ice beasts
  7 phantoms
  2 necrophages
  15 orc warriors
  A sky beast (D:12)
  3 black bears
  16 ogres
  4 big kobolds
  3 crocodiles
  14 centaurs
  Blork the orc (D:4)
  4 giant frogs
  A gnoll sergeant (D:10)
  2 scorpions
  2 wyvern skeletons (D:12)
  20 killer bees
  4 wights (D:12)
  2 electric eels (Lair:1)
  A goliath beetle (D:6)
  A quasit (D:4)
  5 giant frog zombies
  8 crimson imps
  2 gnoll shamans (D:3)
  27 orc priests
  20 orc wizards
  6 hounds
  4 jellies
  5 iguanas
  11 worker ants
  Ijyb (D:4)
  2 worker ant zombies
  Robin (D:3)
  17 adders
  58 gnolls
  15 river rats
  A giant mite (D:5)
  6 shadow imps
  3 worms
  6 giant geckos
  2 oozes
  182 orcs
  17 bats
  A bat zombie (D:7)
  4 giant cockroaches
  22 hobgoblins
  29 jackals
  28 kobolds
  4 quokkas
  4 ball pythons
  14 giant newts
  28 goblins
  15 rats
  A spectral orc (D:8)
  9 ballistomycetes
812 creatures vanquished.

Vanquished Creatures (collateral kills)
  Rupert (D:12)
  2 hydras
  2 humans (D:12)
  An ogre (D:12)
6 creatures vanquished.

Vanquished Creatures (others)
  A hill giant (D:11)
  2 ugly things (D:12)
  2 slime creatures
  2 yaks (D:11)
  A wyvern (D:11)
  A crocodile (Lair:1)
  2 centaurs (D:11)
  A killer bee (D:12)
  A centaur skeleton (D:12)
  An adder (D:12)
  4 giant spores
  A kobold (D:4)
  5 ballistomycetes (D:11)
  3 plants
27 creatures vanquished.

Grand Total: 845 creatures vanquished

Notes
Turn   | Place    | Note
--------------------------------------------------------------
     0 | D:1      | ketsa, the Troll Monk, began the quest for the Orb.
     0 | D:1      | Reached XP level 1. HP: 22/22 MP: 1/1
   198 | D:1      | Reached XP level 2. HP: 26/29 MP: 1/1
   747 | D:1      | Reached XP level 3. HP: 36/36 MP: 2/2
  1325 | D:2      | Found a glowing golden altar of the Shining One.
  1329 | D:2      | Became a worshipper of the Shining One
  1329 | D:2      | Acquired the Shining One's first power
  1329 | D:2      | Acquired the Shining One's second power
  1387 | D:2      | Reached XP level 4. HP: 44/44 MP: 2/2
  1588 | D:2      | Found a shimmering altar of Xom.
  1631 | D:2      | Reached skill level 5 in Unarmed Combat
  1780 | D:3      | Noticed Robin
  1828 | D:4      | Reached XP level 5. HP: 53/53 MP: 2/2
  1912 | D:4      | Noticed Eustachio
  2253 | D:3      | Killed Robin
  2253 | D:3      | Reached XP level 6. HP: 46/61 MP: 3/3
  2653 | D:3      | Noticed a soldier ant
  2693 | D:3      | Reached skill level 6 in Unarmed Combat
  2759 | D:3      | Noticed an ogre
  2797 | D:3      | Killed an ogre
  2797 | D:3      | Reached XP level 7. HP: 29/70 MP: 3/3
  3044 | D:3      | Killed a soldier ant
  3044 | D:3      | Reached skill level 7 in Unarmed Combat
  3715 | D:3      | Reached XP level 8. HP: 76/79 MP: 3/3
  3875 | D:4      | Noticed Ijyb
  3881 | D:4      | Killed Ijyb
  3884 | D:4      | Noticed an ogre
  3897 | D:4      | Killed an ogre
  3955 | D:4      | Found Ufuovuem's Jewellery Boutique.
  4091 | D:4      | Killed Eustachio
  4091 | D:4      | Reached skill level 5 in Fighting
  4091 | D:4      | Reached skill level 8 in Unarmed Combat
  4112 | D:4      | Found Kluucuun's Antique Armour Shoppe.
  4117 | D:4      | Bought an ichor-stained robe for 114 gold pieces
  4128 | D:4      | Identified the +2 robe of Least Resistance {rElec Str+1 Stlth++} (You bought it in a shop on level 4 of the Dungeon)
  4152 | D:4      | Found a deep blue altar of Sif Muna.
  4202 | D:4      | Noticed Blork the orc
  4203 | D:4      | Found Umaug Huss' Jewellery Shoppe.
  4219 | D:4      | Killed Blork the orc
  4219 | D:4      | Reached skill level 5 in Dodging
  4388 | D:4      | Reached skill level 1 in Invocations
  4765 | D:5      | Entered Level 5 of the Dungeon
  4857 | D:5      | Found a staircase to the Ecumenical Temple.
  4909 | Temple   | Entered the Ecumenical Temple
  5037 | D:5      | Found Psos' Armour Shop.
  5101 | D:5      | Found an opulent altar of Gozag.
  5218 | D:5      | Found a bloodstained altar of Trog.
  5235 | D:5      | Found an ancient bone altar of Kikubaaqudgha.
  5487 | D:6      | Found a glowing silver altar of Zin.
  5499 | D:6      | Acquired the Shining One's third power
  5538 | D:6      | Found an iron altar of Okawaru.
  5554 | D:6      | Reached skill level 9 in Unarmed Combat
  5554 | D:6      | Reached XP level 9. HP: 77/88 MP: 6/6
  5988 | D:6      | Found a blossoming altar of Fedhas.
  6009 | D:6      | Noticed an oklob plant
  6154 | D:6      | Found a snail-covered altar of Cheibriados.
  7172 | D:7      | Reached skill level 10 in Unarmed Combat
  7375 | D:8      | Reached XP level 10. HP: 100/100 MP: 10/10
  7662 | D:8      | Found a basalt altar of Yredelemnul.
  7706 | D:8      | Acquired the Shining One's fourth power
  7934 | D:8      | Noticed gabygaby's ghost (experienced HuIE)
  8658 | D:9      | Reached skill level 11 in Unarmed Combat
  8856 | D:10     | Entered Level 10 of the Dungeon
  8860 | D:10     | Noticed a hill giant
  8947 | D:9      | You fall through a shaft for 3 floors!
  8971 | D:12     | Noticed a hill giant
  8987 | D:12     | Noticed a red ugly thing
  8991 | D:11     | Noticed a hill giant
  9205 | D:9      | Found a staircase to the Orcish Mines.
  9303 | D:9      | Reached skill level 5 in Invocations
  9560 | D:9      | Noticed Edmund
  9580 | D:9      | Killed Edmund
 10054 | D:9      | Found a roughly hewn altar of Beogh.
 10078 | Orc:1    | Entered Level 1 of the Orcish Mines
 10615 | D:10     | Noticed a cyclops
 10756 | D:10     | Killed a hill giant
 10756 | D:10     | Reached XP level 11. HP: 84/106 MP: 10/14
 11192 | D:11     | Found a staircase to the Lair.
 11222 | Lair:1   | Entered Level 1 of the Lair of Beasts
 11230 | Lair:1   | Reached skill level 12 in Unarmed Combat
 11886 | Lair:1   | Noticed a six-headed hydra
 11937 | Lair:2   | Found a frozen archway.
 11979 | IceCv    | Entered an ice cave
 12568 | IceCv    | Reached skill level 13 in Unarmed Combat
 12646 | IceCv    | Reached XP level 12. HP: 115/117 MP: 18/18
 12704 | IceCv    | Noticed an ice statue
 13046 | Lair:2   | Noticed a four-headed hydra
 13309 | Lair:1   | Reached skill level 1 in Staves
 13714 | Lair:1   | Noticed a six-headed hydra
 13947 | D:11     | Banished a hill giant
 14609 | D:12     | Killed a hill giant
 14860 | D:12     | Found Moliff's Weapon Emporium.
 14917 | D:13     | Found a gate to the Vaults.
 14917 | D:13     | Noticed Rupert
 14917 | D:13     | Noticed Donald
 14917 | D:13     | Noticed an eight-headed hydra
 15177 | D:12     | Banished a red ugly thing
 15734 | D:12     | Killed an eight-headed hydra
 16022 | D:12     | The Shining One protects you from harm!
 17038 | Orc:1    | Reached skill level 5 in Staves
 17735 | Orc:3    | Found a staircase to the Elven Halls.
 18155 | Orc:3    | Reached XP level 13. HP: 124/124 MP: 21/21
 18265 | Orc:4    | Entered Level 4 of the Orcish Mines
 18586 | Orc:4    | Found a roughly hewn altar of Beogh.
 18591 | Orc:4    | Noticed an orc warlord
 19659 | Orc:4    | Noticed an orc warlord
 19989 | D:12     | Killed Rupert
 20135 | D:12     | Reached skill level 14 in Unarmed Combat
 20525 | D:13     | Killed Donald
 20831 | D:13     | Noticed a five-headed hydra
 20856 | D:13     | Killed a five-headed hydra
 21403 | D:15     | Entered Level 15 of the Dungeon
 21717 | D:15     | Reached skill level 1 in Maces & Flails
 22163 | D:14     | HP: 4/124 [centaur warrior/arrow (7)]
 22165 | D:14     | Slain by a seven-headed hydra

Action                   |  1- 3 |  4- 6 |  7- 9 | 10-12 | 13-15 || total
-------------------------+-------+-------+-------+-------+-------++-------
Melee: Unarmed           |   127 |   165 |   411 |   648 |   359 ||  1710
       Quarterstaff      |       |       |       |   341 |       ||   341
       Flail             |       |       |       |       |     6 ||     6
Invok: Divine Shield     |       |       |       |     5 |     2 ||     7
       Summon Divine War |       |       |       |     1 |     2 ||     3
Evoke: Wand              |       |       |       |     7 |       ||     7
  Use: Scroll            |       |     1 |     6 |    15 |     1 ||    23
       Potion            |       |       |       |     7 |     3 ||    10
 Stab: Sleeping          |     1 |       |     2 |     5 |     2 ||    10
  Eat: Chunk             |    14 |    12 |    42 |    98 |    39 ||   205
       Meat ration       |     1 |       |       |       |       ||     1
